 Dungeon Crawl Stone Soup version 0.29.1-13-g9f3cf754e1 (webtiles) character file.

Game seed: 3725437710020938389

399 nshep25 the Conjurer (level 6, -2/32 HPs)
             Began as a Deep Elf Conjurer on Feb 7, 2023.
             Slain by an ice beast (7 damage)
             ... on level 3 of the Dungeon.
             The game lasted 00:06:38 (2515 turns).

nshep25 the Conjurer (Deep Elf Conjurer)            Turns: 2515, Time: 00:06:38

Health: -2/32      AC:  4    Str:  4    XL:     6   Next: 54%
Magic:  2/14       EV: 13    Int: 25    God:
Gold:   162        SH:  0    Dex: 13    Spells: 2/13 levels left

rFire   . . .      SeeInvis .   i - +0 quarterstaff
rCold   . . .      Faith    .   (shield currently unavailable)
rNeg    . . .      Spirit   .   a - +0 robe
rPois   .          Reflect  .   (no helmet)
rElec   .          Harm     .   (no cloak)
rCorr   .          Rampage  .   q - +0 pair of gloves
Will    .....                   m - +0 pair of boots
Stlth   ++........              (no amulet)
HPRegen 0.10/turn               s - ring of flight
MPRegen 0.14/turn               (no ring)

@: flying
A: no striking features
a: no special abilities


You were on level 3 of the Dungeon.
You visited 1 branch of the dungeon, and saw 4 of its levels.

You collected 162 gold pieces.

Inventory:

Hand Weapons
 i - a +0 quarterstaff (weapon)
Missiles
 r - 4 datura-tipped darts
Armour
 a - a +0 robe (worn)
 m - a +0 pair of boots (worn)
 q - a +0 pair of gloves (worn)
Jewellery
 s - a ring of flight (left hand)
Wands
 k - a wand of polymorph (7)
Scrolls
 c - 7 scrolls of identify {unknown}
 d - 4 scrolls of amnesia {unknown}
 e - 2 scrolls of poison {unknown}
 f - a scroll of noise {unknown}
 g - a scroll of teleportation {unknown}
 h - a scroll of acquirement {unknown}
 n - a scroll of magic mapping {unknown}
Potions
 b - a potion of magic
 j - a potion of curing {unknown}
 l - a potion of heal wounds {unknown}
 o - 2 potions of mutation {unknown}
 p - a potion of flight {unknown}
 t - a potion of cancellation {unknown}


   Skills:
 + Level 3.3 Dodging
 + Level 3.2 Stealth
 + Level 4.4 Spellcasting
 + Level 7.7 Conjurations


You had 2 spell levels left.
You knew the following spells:

 Your Spells              Type           Power      Damage    Failure   Level
a - Magic Dart            Conj           100%       1d8       1%          1
b - Searing Ray           Conj           88%        2d7       1%          2
c - Iskenderun's Mystic   Conj/Tloc      24%        2d7       19%         4
d - Fulminant Prism       Conj/Hex       12%        3d9       19%         4

Your spell library contained the following spells:

 Spells                   Type           Power      Damage    Failure   Level
 Sandblast                Erth           10%        2d5       9%          1
 Passwall                 Tmut/Erth      4%         N/A       13%         2
 Dazzling Flash           Conj/Hex       48%        N/A       5%          3
 Stone Arrow              Conj/Erth      48%        3d10      5%          3
 Inner Flame              Hex/Fire       5%         N/A       26%         3
 Ozocubu's Armour         Ice            5%         N/A       26%         3
 Portal Projectile        Hex/Tloc       10%        N/A       26%         3
 Tukima's Dance           Hex            5%         N/A       26%         3
 Cause Fear               Hex            2%         N/A       65%         4
 Blade Hands              Tmut           2%         N/A       94%         5
 Ozocubu's Refrigeration  Ice            2%         4d8       100%        7
 Discord                  Hex            2%         N/A       100%        8


Dungeon Overview and Level Annotations

Branches:
Dungeon (4/15)
 Temple: D:4-7

Altars:
Dithmenos
Ru
Uskayaw
Xom


Message History

Casting: Iskenderun's Mystic Blast (extremely dangerous; 19% risk of failure)
Confirm with . or Enter, or press ? or * to list all spells.
The spell is extremely dangerous to miscast (19% risk of failure)!
Continue anyway?
You miscast Iskenderun's Mystic Blast.
You are very lightly contaminated with residual magic.
Nothing appears to happen.
The ice beast closely misses you. The ice beast attacks as you move away!
The ice beast barely misses you.
Your magical contamination has completely faded away.
The ice beast attacks as you move away! The ice beast closely misses you.
The ice beast attacks as you move away!
The ice beast hits you but does no damage.
The ice beast attacks as you move away! The ice beast misses you.
The ice beast attacks as you move away! The ice beast completely misses you.
The ice beast attacks as you move away! The ice beast hits you.
The ice beast freezes you! The ice beast attacks as you move away!
The ice beast barely misses you.
Casting: Iskenderun's Mystic Blast (extremely dangerous; 19% risk of failure)
Confirm with . or Enter, or press ? or * to list all spells.
The spell is extremely dangerous to miscast (19% risk of failure)!
Continue anyway?
You miscast Iskenderun's Mystic Blast.
You are very lightly contaminated with residual magic.
Nothing appears to happen.
The ice beast hits you but does no damage.
The ice beast attacks as you move away! The ice beast barely misses you.
There is a stone staircase leading up here.
You barely miss the ice beast.
The ice beast is lightly wounded.
The ice beast hits you. The ice beast freezes you!
* * * LOW HITPOINT WARNING * * *
The ice beast attacks as you move away! The ice beast misses you.
The ice beast attacks as you move away! The ice beast misses you.
The ice beast attacks as you move away! The ice beast misses you.
Your magical contamination has completely faded away.
There is a stone staircase leading down here.
The ice beast attacks as you move away! The ice beast closely misses you.
The ice beast attacks as you move away! The ice beast misses you.
The ice beast attacks as you move away! The ice beast hits you.
* * * LOW HITPOINT WARNING * * *
The ice beast freezes you!
You die...

..........# #......#
..........# #<.....#
..........#####......#
................#.####
................#.######
##..........(...#......##
##..###...[.....#.......##
#.......<................#
#.####...#######@........#
#.# #.......# #Y........#
#.# #.......# #.........#
#.# #.......###.........#
..# #.......>...........#
..# ####.#....#.........#
..# ###.(...##...........#
..###.....####.PPPPP.P...#
......#.### #...........#


You could see an ice beast.

Vanquished Creatures
  Sigmund (D:2)
  2 hounds
  An orc priest (D:3)
  Jessica (D:2)
  An iguana (D:2)
  4 adders
  2 dart slugs
  6 orcs (D:3)
  3 ball pythons (D:1)
  2 bats
  4 endoplasms
  5 giant cockroaches
  4 goblins
  3 hobgoblins
  3 jackals (D:3)
  A quokka (D:2)
  5 kobolds
  A rat (D:3)
49 creatures vanquished.

Vanquished Creatures (others)
  3 plants (D:3)
3 creatures vanquished.

Grand Total: 52 creatures vanquished

Notes
Turn   | Place    | Note
-------+----------+-------------------------------------------
     0 | D:1      | nshep25 the Deep Elf Conjurer began the quest for the Orb.
     0 | D:1      | Reached XP level 1. HP: 10/10 MP: 6/6
   287 | D:1      | Reached XP level 2. HP: 15/15 MP: 1/8
   455 | D:1      | Learned a level 2 spell: Searing Ray
   524 | D:1      | Found a faded altar of an unknown god.
   683 | D:1      | Reached skill level 5 in Conjurations
  1058 | D:2      | Reached XP level 3. HP: 19/19 MP: 2/9
  1154 | D:2      | Noticed Jessica
  1179 | D:2      | Killed Jessica
  1233 | D:2      | Reached skill level 6 in Conjurations
  1233 | D:2      | Reached XP level 4. HP: 15/24 MP: 3/11
  1431 | D:2      | Noticed Sigmund
  1439 | D:2      | Killed Sigmund
  1440 | D:2      | Reached skill level 7 in Conjurations
  1440 | D:2      | Reached XP level 5. HP: 20/28 MP: 2/13
  1563 | D:2      | Reached XP level 6. HP: 32/32 MP: 9/14
  1741 | D:2      | Learned a level 4 spell: Iskenderun's Mystic Blast
  1746 | D:2      | Learned a level 4 spell: Fulminant Prism
  1882 | D:3      | Found a sacrificial altar of Ru.
  2113 | D:3      | Found a shimmering altar of Xom.
  2114 | D:3      | Found a hide-covered altar of Uskayaw.
  2354 | D:3      | Found a shadowy altar of Dithmenos.
  2456 | D:4      | Noticed an ice beast
  2515 | D:3      | Slain by an ice beast

Illustrated notes

Levels and vault maps discovered:
D:1:      minmay_arrival_shattered_statue, layout_loops_ring,
          shapermc_ecumenical_altar_totnotflames, hangedman_feature_mirror
D:2:      layout_rooms, uniq_sigmund, uniq_jessica
D:3:      layout_rooms, nicolae_dithmenos_through_a_glass_darkly,
          mainiacjoe_overflow_large_starburst, mainiacjoe_overflow_cross_hatched
D:4:      layout_cave_pools, serial_shops, kennysheep_mini_moat, shop,
          nicolae_shop_hallway_stairs, cheibrodos_gnoll_hut

Skill      XL: |  1  2  3  4 |
---------------+-------------+-----
Conjurations   | 5 6 7 |  7.7
Dodging        | 3 |  3.3
Stealth        | 3 |  3.2
Spellcasting   | 4 |  4.4

Action                   |  1- 3 |  4- 6 || total
-------------------------+-------+-------++-------
Melee: Quarterstaff      |       |     3 ||     3
 Cast: Magic Dart        |    45 |    65 ||   110
       Searing Ray       |       |     2 ||     2
Armor: Robe              |       |     6 ||     6
Dodge: Dodged            |     3 |    24 ||    27
